 Dungeon Crawl Stone Soup version 0.25-a0-561-g0977b4d109 (webtiles) character file.

Game seed: 6227570129736463747, levelgen mode: deterministic

4703 Flugslaktarn the Cleaver (level 10, -3/92 HPs)
             Began as a Deep Dwarf Fighter on Feb 25, 2020.
             Was a Follower of Makhleb.
             Slain by a centaur (4 damage)
             ... on level 10 of the Dungeon.
             The game lasted 00:03:37 (5076 turns).

Flugslaktarn the Cleaver (Deep Dwarf Fighter)       Turns: 5076, Time: 00:03:38

Health: -3/92      AC:  6    Str: 25    XL:     10   Next: 21%
Magic:  3/3        EV:  8    Int:  9    God:    Makhleb [*.....]
Gold:   0          SH: 11    Dex: 12    Spells: 9/9 levels left

rFire    . . .     SeeInvis .   a - +1 war axe
rCold    + . .     Gourm    .   c - +0 kite shield
rNeg     . . .     Faith    .   b - +0 scale mail
rPois    .         Spirit   .   (no helmet)
rElec    .         Reflect  .   (no cloak)
rCorr    .         Harm     .   A - +1 pair of gloves
MR       +....                  (no boots)
Stlth    ..........             (no amulet)
HPRegen  0.00/turn              (no ring)
MPRegen  0.08/turn              (no ring)

@: mighty, corroded, non-regenerating
A: damage resistance, heal wounds, cold resistance 1, sense surroundings 2,
strong 1, no regeneration
a: Heal Wounds, Renounce Religion


You were on level 10 of the Dungeon.
You worshipped Makhleb.
Makhleb was aware of your devotion.
You were not hungry.

You visited 2 branches of the dungeon, and saw 11 of its levels.
You also visited: Ossuary.

You collected 112 gold pieces.
You spent 112 gold pieces at shops.

Inventory:

Hand Weapons
 a - a +1 war axe (weapon)
Armour
 b - a +0 scale mail (worn)
 c - a +0 kite shield (worn)
 A - a +1 pair of gloves (worn)
   (You found it on level 8 of the Dungeon)
Jewellery
 g - a cursed ring of attention {unknown}
   (You found it on level 7 of the Dungeon)
Wands
 i - a wand of enslavement (7)
   (You found it on level 5 of the Dungeon)
 m - a wand of acid (7)
   (You found it on level 4 of the Dungeon)
 B - a wand of clouds (6)
   (You found it on level 9 of the Dungeon)
Scrolls
 h - 2 scrolls of enchant weapon
 k - 2 scrolls of fog
 l - a scroll of fear {unknown}
 r - 3 scrolls of identify
 t - 3 scrolls of teleportation
 v - 6 scrolls of remove curse
 x - 2 scrolls of immolation {unknown}
 D - a scroll of amnesia {unknown}
Potions
 f - a potion of cancellation {unknown}
 j - a potion of berserk rage
 n - 2 potions of resistance
 o - 3 potions of stabbing {unknown}
 q - 2 potions of curing
 s - a potion of ambrosia {unknown}
 u - a potion of flight {unknown}
 w - 4 potions of heal wounds
Comestibles
 e - 8 rations


   Skills:
 + Level 6.4 Fighting
 * Level 10.1 Axes
 + Level 7.8 Armour
 + Level 7.8 Shields
 + Level 5.8 Invocations


You had 9 spell levels left.
You didn't know any spells.
Your spell library was empty.

Dungeon Overview and Level Annotations

Branches:
Dungeon (10/15)            Temple (1/1) D:5         Ossuary (visited)
   Lair: D:8-11         Orc: D:9-12

Altars:
Ashenzari
Cheibriados
Elyvilon
Fedhas
Hepliaklqana
Kikubaaqudgha
Makhleb
Okawaru
Qazlal
Ru
Sif Muna
Trog
Vehumet
Wu Jian
Yredelemnul
Zin
The Shining One

Shops:
D:5 (   D:6 !

Annotations:
D:10 Maurice


Innate Abilities, Weirdness & Mutations

You are resistant to damage.
You can heal yourself by infusing magical energy.
You passively map the area around you.
You do not regenerate.
Your flesh is cold resistant. (rC+)
Your muscles are strong. (Str +2)


Message History

The warg is moderately wounded.
You barely miss the yak. You slash the orc wizard!
You kill the orc wizard!
Makhleb accepts your kill.
You feel better.
You barely miss the orc wizard. You barely miss the centaur. You slash the yak!
Your shield prevents you from hitting the troll.
You slice the yak!!
You kill the yak!
Makhleb accepts your kill.
You feel better. You block the orc wizard's attack.
The centaur barely misses you. The yak gores you!
* * * LOW HITPOINT WARNING * * *
You block the warg's attack.
The crimson imp blinks!
The yak gores you.
* * * LOW HITPOINT WARNING * * *
The troll bites you but does no damage. The troll claws you but does no damage.
The troll claws you!
* * * LOW HITPOINT WARNING * * *
The orc barely misses you. The centaur hits you.
You die...

* * , , , , * *
......... ,...,* , ,
*** .......... ,.... *
,..........###.... * ,
...........#.o... ,
................, ,
....5...5....... , .
##....§Yh.(.... ,,
*,*..###.....o@o......
, ,
..........cYT...##. ,
, *
........§.o§##.%... *
* .###.[.§....#.....#
,, .......<......#,.##
, .........##.....#+ ,
* , ...............##
..........#..:%.# * ,
...#......##.....* , *


You could see 2 yaks, a troll, a warg, a centaur, an orc priest, an orc wizard,
2 crimson imps and 2 orcs.

Vanquished Creatures
  Harold (D:7)
  Maggie (D:7)
  4 yaks (D:10)
  A hungry ghost (D:7)
  A steam dragon (D:8)
  Edmund (D:6)
  A water moccasin (D:7)
  A soldier ant (D:8)
  Duvessa (D:5)
  A black bear (D:8)
  A sky beast (D:5)
  2 ogres
  A phantom (D:4)
  3 centaurs
  3 bullfrogs
  Dowan (D:5)
  3 scorpions
  4 killer bees (D:5)
  6 howler monkeys
  A bullfrog zombie (D:7)
  4 crimson imps
  5 hounds
  A quasit (D:7)
  2 jellies
  An orc wizard (D:10)
  An orc priest (D:8)
  A centaur skeleton (D:8)
  2 bullfrog skeletons
  An iguana (D:9)
  Natasha (twice) (D:4)
  7 worker ants
  12 mummies (Ossuary)
  A howler monkey zombie (D:7)
  7 gnolls
  5 adders
  An adder zombie (D:7)
  3 dart slugs
  8 orcs
  A bat (D:2)
  A giant cockroach (D:6)
  2 goblins (D:1)
  A hobgoblin (D:3)
  3 jackals (D:7)
  2 kobolds
  2 quokkas
  2 ball pythons
  3 frilled lizards
  4 gnoll skeletons (Ossuary)
  A goblin zombie (D:5)
  2 kobold skeletons (Ossuary)
  A leopard gecko skeleton (D:7)
  2 orc skeletons (Ossuary)
  A quokka skeleton (D:6)
  3 rats
  11 rat skeletons (Ossuary)
  A rat zombie (D:5)
145 creatures vanquished.

Notes
Turn   | Place    | Note
-------+----------+-------------------------------------------
     0 | D:1      | Flugslaktarn the Deep Dwarf Fighter began the quest for the
                  | Orb.
     0 | D:1      | Reached XP level 1. HP: 20/20 MP: 1/1
   197 | D:3      | Reached XP level 2. HP: 25/27 MP: 2/2
   225 | D:3      | Noticed a scorpion
   243 | D:3      | Killed a scorpion
   243 | D:3      | Reached skill level 3 in Axes
   243 | D:3      | Reached XP level 3. HP: 17/34 MP: 3/3
   269 | D:3      | Reached XP level 4. HP: 42/42 MP: 4/4
   603 | D:4      | Reached skill level 4 in Axes
   603 | D:4      | Reached XP level 5. HP: 48/49 MP: 5/5
   910 | D:4      | Noticed Natasha
   923 | D:4      | Killed Natasha
   967 | D:4      | Noticed a phantom
   983 | D:4      | Killed a phantom
   983 | D:4      | Reached XP level 6. HP: 52/57 MP: 6/6
  1117 | D:4      | Noticed Natasha
  1123 | D:4      | Killed Natasha
  1123 | D:4      | Reached skill level 5 in Axes
  1131 | D:5      | Entered Level 5 of the Dungeon
  1152 | D:5      | Found a sand-covered staircase.
  1159 | Ossuary  | Entered an ossuary
  1380 | Ossuary  | Reached XP level 7. HP: 60/64 MP: 6/6
  1654 | D:5      | Noticed Dowan
  1656 | D:5      | Noticed Duvessa
  1659 | D:5      | Reached skill level 5 in Armour
  1659 | D:5      | Reached skill level 5 in Shields
  1671 | D:5      | Reached skill level 6 in Axes
  1687 | D:5      | Killed Duvessa
  1725 | D:5      | Killed Dowan
  1774 | D:5      | Found Ybietto's Weapon Emporium.
  1828 | D:5      | Reached XP level 8. HP: 51/73 MP: 5/5
  1926 | D:5      | Reached skill level 7 in Axes
  2041 | D:5      | Found a staircase to the Ecumenical Temple.
  2067 | Temple   | Entered the Ecumenical Temple
  2104 | Temple   | Became a worshipper of Makhleb the Destroyer
  2365 | D:6      | Noticed Edmund
  2405 | D:6      | Killed Edmund
  2405 | D:6      | Reached skill level 1 in Invocations
  2622 | D:6      | Found Tamalemef's Distillery.
  2633 | D:6      | Bought a potion of mutation for 112 gold pieces
  2633 | D:6      | Gained mutation: Your flesh is cold resistant. (rC+)
                  | [potion of mutation]
  2633 | D:6      | Gained mutation: Your muscles are strong. (Str +2) [potion
                  | of mutation]
  2744 | D:6      | Reached skill level 5 in Fighting
  2919 | D:7      | Noticed Maggie
  2942 | D:7      | Killed Maggie
  2942 | D:7      | Reached skill level 8 in Axes
  2942 | D:7      | Gained mutation: You passively map the area around you.
                  | [Deep Dwarf growth]
  2942 | D:7      | Reached XP level 9. HP: 40/81 MP: 2/4
  3195 | D:7      | Noticed Harold
  3211 | D:7      | Killed Harold
  3211 | D:7      | Reached skill level 9 in Axes
  3220 | D:7      | Reached * piety under Makhleb
  3661 | D:8      | Reached skill level 5 in Invocations
  3823 | D:8      | Reached XP level 10. HP: 88/91 MP: 4/4
  4690 | D:9      | Found a glowing silver altar of Zin.
  5043 | D:10     | Entered Level 10 of the Dungeon
  5049 | D:10     | Noticed Maurice
  5067 | D:10     | Reached skill level 10 in Axes
  5076 | D:10     | HP: 1/92 [troll (7)]
  5076 | D:10     | Slain by a centaur

Levels and vault maps discovered:
D:1:      ebering_trefoil_twist, layout_basic
D:2:      layout_basic
D:3:      layout_basic, first_ration
D:4:      layout_layer_cave, uniq_natasha
D:5:      layout_loops_ring, temple_doors_e, enter_ossuary_4, serial_shops,
          shop, uniq_duvessa
D:6:      layout_basic, serial_shops, shop, uniq_edmund
D:7:      layout_loops_ring, uniq_harold, uniq_maggie
D:8:      layout_loops_ring
D:9:      layout_basic, old_standard_altar
D:10:     cheibrodos_breeding_chamber, layout_cave_pools, erik_orc_4,
          the_bakery, nemelex_diamond_rough_becter, uniq_maurice
Temple:   grunt_wide_crystal_templ

Skill      XL: |  1  2  3  4  5  6  7  8  9 10 |
---------------+-------------------------------+-----
Fighting       | 3 4 5 6 |  6.4
Axes           | 3 4 5 6 8 9 10 | 10.1
Armour         | 4 5 6 7 |  7.8
Shields        | 4 5 6 7 |  7.8
Invocations    | 3 5 |  5.8

Action                   |  1- 3 |  4- 6 |  7- 9 | 10-12 || total
-------------------------+-------+-------+-------+-------++-------
Melee: War axe           |    43 |   187 |   418 |    31 ||   679
 Abil: Heal Wounds       |     1 |     7 |    30 |     5 ||    43
  Use: Scroll            |       |       |     8 |       ||     8
       Potion            |       |       |     2 |     2 ||     4
  Eat: Ration            |       |     1 |       |     1 ||     2
       Chunk             |       |       |    10 |     1 ||    11
Armor: Scale mail        |    16 |    43 |   139 |    38 ||   236
Dodge: Dodged            |    14 |    40 |   137 |    45 ||   236
Block: Kite shield       |    21 |    71 |   222 |    50 ||   364

Table legend:
 A = Non-vault XP
 B = Vault XP
 C = Vault XP percentage of total XP
 D = Non-vault monster count
 E = Vault monster count
 F = Vault count percentage of total count
                 A         B        C        D         E       F
            +---------+---------+-------+---------+---------+-------
      Total |    4772 |    1947 |  29.0 |     106 |      38 |  26.4
            +---------+---------+-------+---------+---------+-------
        D:1 |       8 |       0 |   0.0 |       5 |       0 |   0.0
        D:2 |       2 |       0 |   0.0 |       1 |       0 |   0.0
        D:3 |      91 |       0 |   0.0 |       7 |       0 |   0.0
        D:4 |     363 |      35 |   8.8 |      13 |       1 |   7.1
        D:5 |     740 |     218 |  22.8 |      15 |       4 |  21.1
        D:6 |     195 |     158 |  44.8 |      10 |       1 |   9.1
        D:7 |     825 |    1308 |  61.3 |      17 |       2 |  10.5
        D:8 |    1400 |       0 |   0.0 |      26 |       0 |   0.0
        D:9 |      90 |       0 |   0.0 |       2 |       0 |   0.0
       D:10 |    1058 |       0 |   0.0 |      10 |       0 |   0.0
    Ossuary |       0 |     228 | 100.0 |       0 |      30 | 100.0
            +---------+---------+-------+---------+---------+-------
